AoeStats
← Iguano Pop

Arabia

506584838Analyzed
1v1 RM · 18d ago on Sep 14, 2026· 34m 57s· 2 players
Game mode
Random Map
Map size
Tiny (2 player)
Population
200
Speed
Normal
Resources
Standard
Victory
Conquest
Starting age
Dark Age
Ending age
Imperial Age
RankedLock teamsTeams togetherTeam positionsShared explorationLock speedFull tech treeHidden civsTurbo modeCheats
Victory
Defeat
🇲🇽 Inca · Mexico
1291
+14
🇨🇳 Franks · China
1246
-14
Iguano Pop
8:34 Loom
10:49 Feudal Age
11:19 Double-Bit Axe
12:53 Fletching
20:00 Town Watch
21:04 Padded Archer Armor
25:33 Castle Age
24:17 Champi Runner
25:00 Scale Mail Armor
25:55 Crossbowman
26:41 Bodkin Arrow
29:30 Leather Archer Armor
30:45 Wheelbarrow
32:09 Stone Mining
happiness
4:10 Loom
9:26 Feudal Age
10:49 Double-Bit Axe
14:39 Scale Barding Armor
14:44 Forging
16:23 Fletching
17:27 Padded Archer Armor
28:07 Castle Age
30:57 Leather Archer Armor
31:34 Bodkin Arrow
Connection lost

Rejoining the realm…

Still unreachable

The connection could not be restored.

Session expired

The server has moved on; the page needs a fresh start.